 Dungeon Crawl Stone Soup version 0.24-a0-249-g2af7e83 (webtiles) character file.

Game seed: 10127377767650053124

9 MatthieuS the Magician (level 2, 0/15 HPs)
             Began as a Deep Elf Wanderer on Apr 13, 2019.
             Slain by a leopard gecko (2 damage)
             ... on level 1 of the Dungeon.
             The game lasted 00:00:54 (505 turns).

MatthieuS the Magician (Deep Elf Wanderer)           Turns: 505, Time: 00:00:55

Health: 0/15       AC:  2    Str: 11    XL:     2   Next: 6%
Magic:  10/10      EV: 11    Int: 13    God:
Gold:   19         SH:  0    Dex: 15    Spells: 10/11 levels left

rFire    . . .     SeeInvis .   a - +0 dagger
rCold    . . .     Gourm    .   (no shield)
rNeg     . . .     Faith    .   k - +0 robe
rPois    .         Spirit   .   (no helmet)
rElec    .         Reflect  .   (no cloak)
rCorr    .         Harm     .   (no gloves)
MR       .....                  (no boots)
Stlth    +++.......             (no amulet)
HPRegen  0.05/turn              j - ring of stealth
MPRegen  0.12/turn              (no ring)

@: no status effects
A: no striking features
a: no special abilities


You were on level 1 of the Dungeon.
You were not hungry.

You visited 1 branch of the dungeon, and saw 1 of its levels.

You collected 19 gold pieces.

Inventory:

Hand Weapons
 a - a +0 dagger (weapon)
Armour
 c - a +2 scale mail
 d - a +0 leather armour
   (You found it on level 1 of the Dungeon)
 k - a +0 robe (worn)
   (You found it on level 1 of the Dungeon)
Jewellery
 j - a ring of stealth (left hand)
   (You found it on level 1 of the Dungeon)
Scrolls
 b - 3 scrolls of remove curse {unknown}
 g - a scroll of fear {unknown}
 h - a scroll of immolation {unknown}
Potions
 f - a potion of curing {unknown}
 i - a potion of brilliance {unknown}
Comestibles
 e - a ration


   Skills:
 + Level 0.0 Fighting
 + Level 0.0 Short Blades
   Level 1.1 Bows
 - Level 1.5 Armour
 + Level 1.2 Stealth
   Level 1.0 Shields
 - Level 5.1 Spellcasting
   Level 2.6 Hexes


You had 10 spell levels left.
You knew the following spells:

 Your Spells              Type           Power        Failure   Level  Hunger
c - Apportation           Tloc           #.....       19%         1    None

Your spell library contained the following spells:

 Spells                   Type           Power        Failure   Level  Hunger
 Portal Projectile        Hex/Tloc       #.....       32%         3    ###....


Dungeon Overview and Level Annotations

Branches:
Dungeon (1/15)

Altars:


Message History

You hit the hobgoblin. The hobgoblin hits you.
You hit the hobgoblin.
You kill the hobgoblin!
You have reached level 2!
You see here a hobgoblin corpse.
You butcher the hobgoblin corpse.
d - 5 chunks of flesh (gained 4)
You see here a hobgoblin skeleton.
You start resting.
Some of the chunks of flesh in your inventory have rotted away.
You start waiting.
Done waiting.
Found 10 stones.
All of the chunks of flesh in your inventory have rotted away.
You open the door.
There is an open door here.
Found 11 gold pieces.
Found a leather armour.
You now have 19 gold pieces (gained 11).
Found 7 arrows.
You see here a leather armour.
d - a leather armour A goblin comes into view.
It is wielding a +0 dagger.
A goblin is nearby!
The goblin shouts!
A leopard gecko comes into view.
Found a silvery potion.
You closely miss the goblin. The goblin barely misses you.
You closely miss the goblin. The goblin barely misses you.
The leopard gecko hisses angrily.
You hit the goblin. The goblin hits you with a +0 dagger.
You hit the goblin. The goblin completely misses you.
You hit the goblin but do no damage. The goblin closely misses you.
You closely miss the goblin. The leopard gecko closely misses you.
The goblin hits you with a +0 dagger.
You hit the goblin.
You kill the goblin!
The leopard gecko bites you.
You miss the leopard gecko. The leopard gecko bites you.
* * * LOW HITPOINT WARNING * * *
The leopard gecko closely misses you.
You hit the leopard gecko. The leopard gecko barely misses you.
You closely miss the leopard gecko. The leopard gecko misses you.
Unknown command.
You hit the leopard gecko. The leopard gecko barely misses you.
You miss the leopard gecko. The leopard gecko bites you.
* * * LOW HITPOINT WARNING * * *
The leopard gecko barely misses you. The leopard gecko bites you.
You die...

#..... #....####
#.......# #...)...#
#.......# #####.#####
#....#### #...#......
#....# ####.#.#....##
###....###....#.#.....#
.........l@............
..........#........#.#
#..#(.....#.####...# #
.....###..######...#.#
..... #..............#
..... #...#####..(.#.#
.... #...#........###
##.#...###...# +...#
#...#


You could see a leopard gecko.

Vanquished Creatures
  An ooze (D:1)
  A giant cockroach (D:1)
  A goblin (D:1)
  A hobgoblin (D:1)
  A bat (D:1)
5 creatures vanquished.

Notes
Turn   | Place    | Note
-------+----------+-------------------------------------------
     0 | D:1      | MatthieuS the Deep Elf Wanderer began the quest for the
                  | Orb.
     0 | D:1      | MatthieuS set off with the following items: a +0 dagger, a
                  | +2 scale mail, a ration; and the following spell memorised:
                  | Apportation; and the following spells available to
                  | memorise: Portal Projectile
     0 | D:1      | Reached XP level 1. HP: 10/10 MP: 7/7
   229 | D:1      | Reached skill level 5 in Spellcasting
   233 | D:1      | Reached XP level 2. HP: 10/15 MP: 10/10
   505 | D:1      | Slain by a leopard gecko

Levels and vault maps discovered:
D:1:      lightli_arrival_chessboard, layout_basic,
          minmay_misc_feat_secret_circle, corner_web_ring

Skill      XL: |  1 |
---------------+----+-----
Spellcasting   | 5 |  5.1
Bows           | |  1.1
Armour         | |  1.5
Stealth        | |  1.2
Shields        | |  1.0
Hexes          | |  2.6

Action                   || total
-------------------------++-------
Melee: Dagger            ||    49
Armor: Scale mail        ||    37
Dodge: Dodged            ||    25

Table legend:
 A = Non-vault XP
 B = Vault XP
 C = Vault XP percentage of total XP
 D = Non-vault monster count
 E = Vault monster count
 F = Vault count percentage of total count
                 A         B        C        D         E       F
            +---------+---------+-------+---------+---------+-------
      Total |      14 |       0 |   0.0 |       5 |       0 |   0.0
            +---------+---------+-------+---------+---------+-------
        D:1 |      14 |       0 |   0.0 |       5 |       0 |   0.0
            +---------+---------+-------+---------+---------+-------
